Kradschützen Motorcycle Team
Selects Panzerjäger Kommand Battlegroup
Construct Light Support Kompanie
Selects Defensive Positions
Selects Butterfly Bomb Drop
Construct Panzerarmee Kommand
Selects Crew Shock Tactics
Construct Mechanized Kompanie
Marder III Tank Destroyer
Marder III Tank Destroyer
Marder III Tank Destroyer
Marder III Tank Destroyer
Walking Stuka Rocket Launcher
Selects Elefant Tank Destroyer